 Dungeon Crawl Stone Soup version 0.29-a0-360-g8ed1089bbe (webtiles) character file.

Game seed: 8144233163160101883

316 dolemite99 the Digger (level 6, -7/44 HPs)
             Began as a Gnoll Earth Elementalist on Apr 29, 2022.
             Was a Believer of Qazlal.
             Killed by nerve-wracking pain
             ... invoked by a shadow imp
              (13 damage)
             ... on level 5 of the Dungeon.
             The game lasted 00:05:24 (4964 turns).

dolemite99 the Digger (Gnoll Earth Elementalist)    Turns: 4964, Time: 00:05:25

Health: -7/44      AC:  3    Str:  7    XL:     6   Next: 44%
Magic:  14/14      EV: 13    Int: 16    God:    Qazlal [**....]
Gold:   207        SH:  3    Dex: 13    Spells: 9/15 levels left

rFire   . . .      SeeInvis .   d - +2 dagger (drain)
rCold   + . .      Faith    .   (no shield)
rNeg    . . .      Spirit   .   b - +0 robe
rPois   +          Reflect  .   j - +0 helmet
rElec   .          Harm     .   (no cloak)
rCorr   .          Rampage  .   (no gloves)
Will    .....                   (no boots)
Stlth   ++........              (no amulet)
HPRegen 0.14/turn               m - ring of poison resistance
MPRegen 0.14/turn               h - ring of protection from cold

@: no status effects
A: fangs 1, strong nose, distributed training
a: Renounce Religion, Upheaval


You were on level 5 of the Dungeon.
You worshipped Qazlal.
Qazlal was pleased with you.
You visited 1 branch of the dungeon, and saw 5 of its levels.

You collected 207 gold pieces.

Inventory:

Hand Weapons
 d - a +2 dagger of draining (weapon)
 n - a +1 vorpal spear
Missiles
 i - 2 poisoned darts
 q - 36 stones
Armour
 b - a +0 robe (worn)
 j - a +0 helmet (worn)
Magical Staves
 g - a staff of conjuration
Jewellery
 h - a ring of protection from cold (right hand)
 m - a ring of poison resistance (left hand)
 t - a +4 ring of protection
Scrolls
 e - a scroll of fear
 k - a scroll of blinking
 s - a scroll of vulnerability {unknown}
Potions
 a - a potion of ambrosia
 c - a potion of magic
 f - a potion of brilliance {unknown}
 l - a potion of flight
 p - 2 potions of degeneration {unknown}
 r - a potion of invisibility {unknown}
 u - a potion of attraction {unknown}
 v - a potion of berserk rage {unknown}


   Skills:
 + Level 2.0 Fighting
 + Level 2.0 Short Blades
 + Level 2.0 Long Blades
 + Level 2.0 Axes
 + Level 2.0 Maces & Flails
 + Level 2.0 Polearms
 + Level 2.0 Staves
 + Level 2.0 Slings
 + Level 2.0 Bows
 + Level 2.0 Crossbows
 + Level 2.0 Throwing
 + Level 2.0 Armour
 + Level 5.0 Dodging
 + Level 4.6 Stealth
 + Level 2.0 Shields
 + Level 2.0 Unarmed Combat
 + Level 5.3 Spellcasting
 + Level 1.5 Conjurations
 + Level 1.5 Hexes
 + Level 1.5 Summonings
 + Level 1.5 Necromancy
 + Level 1.5 Translocations
 + Level 2.6 Transmutations
 + Level 1.5 Fire Magic
 + Level 1.5 Ice Magic
 + Level 1.5 Air Magic
 + Level 5.6 Earth Magic
 + Level 1.5 Poison Magic
 + Level 2.1 Invocations
 + Level 2.0 Evocations


You had 9 spell levels left.
You knew the following spells:

 Your Spells              Type           Power      Damage    Failure   Level
a - Sandblast             Erth           44%        2d11      1%          1
b - Stone Arrow           Conj/Erth      30%        3d8       10%         3
c - Passwall              Tmut/Erth      14%        N/A       4%          2

Your spell library contained the following spells:

 Spells                   Type           Power      Damage    Failure   Level
 Petrify                  Tmut/Erth      17%        N/A       26%         4


Dungeon Overview and Level Annotations

Branches:
Dungeon (5/15)
 Temple: D:4-7

Altars:
Dithmenos
Hepliaklqana
Qazlal

Annotations:
D:5 Blork the orc, Pikel


Innate Abilities, Weirdness & Mutations

You have very sharp teeth.
Your uncanny sense of smell can sniff out nearby items.
Your experience applies equally to all skills.


Message History

You closely miss the jackal. Your bite misses the jackal.
The jackal is heavily wounded.
You hear a shout!
The jackal bites you but does no damage.
You hear a shout!
You hit the jackal. You drain the jackal.
You kill the jackal!
Qazlal accepts your kill. The jackal bites you.
* * * LOW HITPOINT WARNING * * *
You hit the jackal. You drain the jackal.
You kill the jackal!
Qazlal accepts your kill. You block the jackal's attack.
You closely miss the jackal. The jackal closely misses you.
A jelly comes into view.
You hit the jackal. You drain the jackal.
You kill the jackal!
Qazlal accepts your kill.
You hit the shadow imp.
The shadow imp is heavily wounded.
You closely miss the shadow imp.
The shadow imp is heavily wounded.
Pikel, Merchant of Souls comes into view.
He is wielding a +0 whip of flaming.
The shadow imp barely misses you.
You barely miss the shadow imp.
The shadow imp is heavily wounded.
The shadow imp hits you.
* * * LOW HITPOINT WARNING * * *
An orc comes into view. It is wielding a +1 mace of draining.
You barely miss the shadow imp.
The shadow imp is heavily wounded.
A hound comes into view.
The shadow imp hits you.
* * * LOW HITPOINT WARNING * * *
Blork the orc comes into view.
He is wielding a +7 hand axe of flaming.
Magic courses through your body. The shadow imp gestures at you.
Pain shoots through your body!
You die...

#... .... ).
..####.#.##
#...###........<#
#......<#..#.#...
....###....#.....
..............>..
#.####.#........
#.#.#####.#
#.#J5@....# ∆
#.oK####### ###o#
h.# ...# h...#
.....# #.###.


You could see Pikel, Blork the orc, a jelly and a shadow imp.

Vanquished Creatures
  A hound (D:5)
  2 orc priests
  Terence (D:3)
  2 iguanas
  3 gnolls (D:3)
  2 adders
  An ufetubus (D:4)
  A worm (D:2)
  4 dart slugs
  13 orcs
  4 ball pythons
  3 endoplasms (D:1)
  5 giant cockroaches
  4 goblins
  9 hobgoblins
  7 jackals
  A quokka (D:2)
  4 bats
  5 kobolds
  4 rats
76 creatures vanquished.

Vanquished Creatures (others)
  8 fungi (D:2)
  A plant (D:2)
9 creatures vanquished.

Grand Total: 85 creatures vanquished

Notes
Turn   | Place    | Note
-------+----------+-------------------------------------------
     0 | D:1      | dolemite99 the Gnoll Earth Elementalist began the quest for
                  | the Orb.
     0 | D:1      | Reached XP level 1. HP: 13/13 MP: 6/6
   511 | D:1      | Found a faded altar of an unknown god.
   518 | D:1      | Prayed at the altar of an unknown god.
   518 | D:1      | Became a worshipper of Qazlal Stormbringer
   518 | D:1      | Reached * piety under Qazlal
   521 | D:1      | Reached XP level 2. HP: 18/19 MP: 4/7
   796 | D:1      | Learned a level 2 spell: Passwall
  1124 | D:2      | Reached XP level 3. HP: 25/25 MP: 7/9
  1132 | D:2      | Reached skill level 5 in Spellcasting
  1134 | D:2      | Reached ** piety under Qazlal
  1285 | D:2      | Reached skill level 1 in Invocations
  1429 | D:2      | Reached skill level 1 in Fighting
  1429 | D:2      | Reached skill level 1 in Short Blades
  1429 | D:2      | Reached skill level 1 in Long Blades
  1429 | D:2      | Reached skill level 1 in Axes
  1429 | D:2      | Reached skill level 1 in Maces & Flails
  1429 | D:2      | Reached skill level 1 in Polearms
  1429 | D:2      | Reached skill level 1 in Staves
  1429 | D:2      | Reached skill level 1 in Slings
  1429 | D:2      | Reached skill level 1 in Bows
  1429 | D:2      | Reached skill level 1 in Crossbows
  1429 | D:2      | Reached skill level 1 in Throwing
  1429 | D:2      | Reached skill level 1 in Armour
  1429 | D:2      | Reached skill level 1 in Shields
  1429 | D:2      | Reached skill level 1 in Unarmed Combat
  1429 | D:2      | Reached skill level 1 in Evocations
  1703 | D:2      | Reached XP level 4. HP: 30/32 MP: 9/11
  1893 | D:2      | Reached skill level 1 in Conjurations
  1893 | D:2      | Reached skill level 1 in Hexes
  1893 | D:2      | Reached skill level 1 in Summonings
  1893 | D:2      | Reached skill level 1 in Necromancy
  1893 | D:2      | Reached skill level 1 in Translocations
  1893 | D:2      | Reached skill level 1 in Fire Magic
  1893 | D:2      | Reached skill level 1 in Ice Magic
  1893 | D:2      | Reached skill level 1 in Air Magic
  1893 | D:2      | Reached skill level 1 in Poison Magic
  2417 | D:2      | Learned a level 3 spell: Stone Arrow
  3018 | D:3      | Reached XP level 5. HP: 33/37 MP: 8/12
  3023 | D:3      | Noticed Terence
  3077 | D:3      | Killed Terence
  4062 | D:4      | Reached XP level 6. HP: 41/44 MP: 9/13
  4471 | D:4      | Found a shadowy altar of Dithmenos.
  4472 | D:4      | Noticed a shadow
  4475 | D:4      | Found a hazy altar of Hepliaklqana.
  4921 | D:5      | Entered Level 5 of the Dungeon
  4955 | D:5      | Reached skill level 5 in Dodging
  4961 | D:5      | Noticed Pikel
  4964 | D:5      | Noticed Blork the orc
  4964 | D:5      | Killed from afar by a shadow imp

Illustrated notes

Levels and vault maps discovered:
D:1:      erik_arrival_blinker_ship, layout_rooms,
          hellmonk_ecumenical_altar_heavens_door
D:2:      layout_basic, serial_bayou_pond_b, dreamdust_mushroom_princess
D:3:      layout_rooms, uniq_terence
D:4:      layout_basic, riverfiend_overflow_shadow_ancestor
D:5:      layout_basic, lemuel_zombie_altar_yredelemnul, uniq_sigmund,
          uniq_duvessa, uniq_blork_the_orc, uniq_pikel

Skill      XL: |  1  2  3  4  5  6 |
---------------+-------------------+-----
Transmutations | 2 |  2.6
Spellcasting   | 5 |  5.3
Invocations    | 1 2 |  2.1
Fighting       | 1 2 |  2.0
Short Blades   | 1 2 |  2.0
Long Blades    | 1 2 |  2.0
Axes           | 1 2 |  2.0
Maces & Flails | 1 2 |  2.0
Polearms       | 1 2 |  2.0
Staves         | 1 2 |  2.0
Slings         | 1 2 |  2.0
Bows           | 1 2 |  2.0
Crossbows      | 1 2 |  2.0
Throwing       | 1 2 |  2.0
Armour         | 1 2 |  2.0
Shields        | 1 2 |  2.0
Unarmed Combat | 1 2 |  2.0
Evocations     | 1 2 |  2.0
Conjurations   | 1 |  1.5
Hexes          | 1 |  1.5
Summonings     | 1 |  1.5
Necromancy     | 1 |  1.5
Translocations | 1 |  1.5
Fire Magic     | 1 |  1.5
Ice Magic      | 1 |  1.5
Air Magic      | 1 |  1.5
Poison Magic   | 1 |  1.5
Dodging        | 5 |  5.0
Stealth        | |  4.6
Earth Magic    | |  5.6

Action                   |  1- 3 |  4- 6 || total
-------------------------+-------+-------++-------
Melee: Dagger            |     2 |    88 ||    90
       Bite              |       |    10 ||    10
       Staff             |       |     2 ||     2
       Punch             |       |     2 ||     2
 Cast: Sandblast         |    45 |    26 ||    71
       Stone Arrow       |       |    15 ||    15
  Use: Scroll            |       |     6 ||     6
       Potion            |       |     1 ||     1
Armor: Robe              |     3 |    18 ||    21
Dodge: Dodged            |    14 |    78 ||    92
Block: Other             |     1 |    13 ||    14

Table legend: (Time is in decaauts)
 A = Elapsed time spent in this place.
 B = Non-inter-level travel time spent in this place.
 C = Inter-level travel time spent in this place.
 D = Time resting spent in this place.
 E = Time spent auto-exploring this place.
 F = Levels seen in this place.
 G = Mean time per level.
                   A        B        C        D        E       F      G
               +--------+--------+--------+--------+--------+-----+--------+
         Total |   4959 |   4805 |    154 |   1939 |   2190 |   5 |  991.8 |
       Dungeon |   4959 |   4805 |    154 |   1939 |   2190 |   5 |  991.8 |
               +--------+--------+--------+--------+--------+-----+--------+

Top non-repeatable levels by time:
     D:2: 1756 daAuts
     D:1: 1119 daAuts
     D:3: 1087 daAuts
     D:4: 956 daAuts
     D:5: 40 daAuts
